Map: Bridgehead LE (Void)

Players

daquan - Winner!

  • Race: Terran Terran
  • League: Grandmaster

One - Winner!

  • Race: Terran Terran
  • League: Grandmaster

iQuitBYE

  • Race: Protoss Protoss
  • League: Grandmaster

MoonLjth

  • Race: Protoss Protoss
  • League: Platinum

VOD

Have the link to the VOD?

Description

Time

  • Played on: Oct. 2, 2015, 9:48 p.m.
  • Length: 16:27
Show
View Real Time Build Order
Export as new Build Order

daquan Terran - Winner!

Build Orders: Reaper Expand, MMM Bio 

Get SALT Encoding   

  12  0:01  SCV  
  13  0:13  SCV  
  14  0:18  Supply Depot  
  14  0:25  SCV  
  15  0:39  SCV  
  15  0:40  Barracks  
  16  0:46  Refinery  
  16  0:51  SCV  
  17  1:04  SCV  
  18  1:16  SCV  
  19  1:29  Reaper  
  19  1:30  Orbital Command  
  20  1:40  Command Center  
  20  1:52  Supply Depot  
  20  1:57  SCV  
  21  2:01  Barracks Reactor  
  21  2:11  SCV  
  22  2:23  SCV, Barracks  
  22  2:24  Barracks  
  23  2:35  SCV, Engineering Bay  
  24  2:38  Marine x2  
  26  2:52  Orbital Command  
  26  2:56  Marine x2  
  28  3:02  SCV  
  29  3:12  Barracks Tech Lab  
  29  3:14  SCV, Barracks Tech Lab  
  30  3:20  SCV  
  30  3:26  SCV, Barracks Tech Lab  
  32  3:33  Stimpack  
  32  3:35  SCV, Marine x2  
  32  3:39  SCV  
  32  3:41  Refinery  
  36  3:42  Refinery  
  36  3:44  Refinery  
  36  3:46  Supply Depot  
  36  3:47  Supply Depot  
  36  3:48  SCV  
  37  3:49  Missile Turret  
  37  3:54  Missile Turret  
  37  3:58  Marine x2  
  37  4:00  Marauder  
  41  4:10  SCV  
  41  4:12  SCV, Factory  
  43  4:18  Marauder  
  43  4:22  SCV  
  46  4:26  Marine x2  
  46  4:27  Marauder  
  46  4:30  SCV  
  51  4:35  Terran Infantry Weapons Level 1  
  51  4:38  Concussive Shells  
  51  4:40  SCV  
  51  4:42  SCV  
  53  4:49  Supply Depot  
  53  4:50  Supply Depot  
  53  4:52  SCV, Marine x2  
  56  4:57  Marauder  
  58  5:05  Starport  
  58  5:12  Marine  
  58  5:13  Marauder, Marine  
  63  5:14  SCV  
  63  5:17  Supply Depot  
  63  5:18  Factory Reactor  
  63  5:21  SCV  
  64  5:26  SCV  
  64  5:27  Marauder  
  66  5:30  Marine  
  66  5:42  Marine x2  
  66  5:47  Combat Shields  
  66  5:48  SCV x2, Marauder, Marine  
  70  6:01  Marauder  
  70  6:03  SCV  
  64  6:06  Command Center  
  64  6:09  Marine x2  
  65  6:15  Marauder  
  65  6:18  SCV x2  
  69  6:21  Medivac x2  
  73  6:26  Marauder  
  73  6:27  Marine  
  73  6:31  Supply Depot x2  
  76  6:35  Terran Infantry Armor Level 1  
  76  6:40  Armory  
  76  6:41  Marauder, Marine  
  76  6:47  Marine x2  
  79  6:49  SCV x2  
  79  6:54  Medivac x2  
  87  7:01  SCV x2  
  87  7:02  Marine  
  87  7:03  Marauder  
  92  7:10  Marine  
  92  7:11  Marauder  
  92  7:12  Engineering Bay  
  92  7:13  SCV  
  92  7:14  SCV  
  97  7:24  Orbital Command  
  97  7:25  SCV  
  97  7:26  SCV  
  99  7:36  Marine x2  
  101  7:37  Marauder  
  101  7:38  SCV x2  
  101  7:43  Medivac x2  
  109  7:46  Barracks x2  
  105  7:53  Marine  
  105  7:54  Marine  
  101  7:59  Marauder  
  101  8:03  Marine  
  92  8:11  Marine  
  92  8:12  Marine  
  94  8:13  Medivac  
  96  8:20  Marauder  
  96  8:21  Marine  
  97  8:29  Marauder  
  97  8:30  Marine  
  97  8:33  Terran Infantry Weapons Level 2  
  100  8:35  Terran Infantry Armor Level 2  
  100  8:36  Barracks Reactor, Barracks Tech Lab  
  100  8:37  SCV  
  100  8:38  SCV  
  100  8:39  Marine  
  105  8:41  Marauder  
  105  8:47  Marine  
  106  8:48  Barracks  
  106  8:50  Marauder  
  106  8:51  Barracks  
  106  8:52  Barracks  
  108  8:57  Marine  
  108  9:02  Marine  
  109  9:05  Marine  
  110  9:12  Marauder  
  110  9:15  Marine x3  
  110  9:16  Command Center, Marauder  
  108  9:18  Medivac x2  
  108  9:20  Marine  
  108  9:23  Marine  
  108  9:24  SCV x2  
  116  9:27  Supply Depot  
  116  9:28  Supply Depot  
  116  9:31  Supply Depot x2  
  116  9:32  Supply Depot x2, Marine  
  116  9:38  Supply Depot x2, Terran Vehicle And Ship Armor Level 1  
  117  9:42  Barracks Tech Lab x3  
  117  9:48  Marine  
  117  9:49  Marauder, Medivac, Marine x2  
  117  9:50  Marauder  
  126  9:54  Marine x2  
  128  10:06  Starport, Marine  
  129  10:07  Starport  
  129  10:10  Marauder  
  130  10:14  Marine x3  
  130  10:15  Marauder, Marine  
  128  10:32  Marine x4  
  128  10:33  Marine  
  128  10:34  Marauder x3  
  122  10:47  Marine  
  122  10:48  Marine  
  114  10:50  Marine x3  
  114  10:51  Marauder  
  114  10:55  Marauder x2  
  116  10:58  Medivac x2  
  120  11:07  Marine  
  120  11:08  Marauder x2, Marine x4  
  129  11:12  Marine  
  129  11:13  Terran Infantry Weapons Level 3  
  129  11:16  Orbital Command  
  129  11:18  Marine x2  
  132  11:25  Marine x2  
  132  11:27  Medivac  
  132  11:28  Medivac  
  132  11:32  Marine  
  139  11:39  Marine x2  
  140  11:40  Marine x2  
  140  11:41  Marauder  
  142  11:57  Medivac  
  142  11:58  Command Center  
  144  12:02  Liberator  
  144  12:04  Marine x2  
  144  12:07  Marine x3  
  145  12:10  Liberator  
  145  12:13  Marine x4  
  145  12:14  Marauder  
  140  12:19  Starport Reactor x2  
  143  12:25  Marauder  
  143  12:27  Marine x3  
  144  12:31  Marauder  
  144  12:32  Marine  
  144  12:33  Marine x2  
  144  12:34  Marauder  
  144  12:35  Marauder  
  125  12:45  Liberator, Marine x3  
  125  12:46  Marine  
  125  12:50  Marine x2  
  133  12:51  Marauder  
  133  12:53  Marauder  
  130  13:00  Liberator  
  132  13:10  Medivac  
  132  13:11  Orbital Command  
  134  13:12  Marine  
  134  13:13  Marine x4  
  134  13:14  Marauder x3  
  148  13:24  Refinery x2  
  148  13:27  Refinery  
  148  13:31  Marine x4  
  148  13:32  Marauder x2, Marine  
  152  13:35  Marauder, Marine  
  152  13:41  Marine  
  154  13:49  Marine x3  
  154  13:50  Marauder  
  154  13:53  Marauder  
  147  14:10  Marine x5  
  147  14:11  Marauder x4  
  147  14:16  Marine  
  154  14:25  Medivac x2  
  154  14:27  Marine  
  154  14:28  Marine x3  
  154  14:29  Marauder  
  164  14:32  Marauder, Marine x2  
  164  14:33  Marauder  
  164  14:34  Marine  
  158  14:45  Marine x2  
  158  14:46  Marine x2  
  158  14:50  Marauder, Marine x2  
  158  14:52  Marine  
  133  14:53  Marine  
  133  14:54  Marauder  
  136  15:03  Marine x3  
  136  15:04  SCV x3, Marine  
  141  15:08  Marauder x2  
  141  15:10  Marine  
  141  15:11  Marine  
  141  15:12  Marauder  
  135  15:16  Marauder  
  135  15:21  Marine x4  
  132  15:23  Refinery  
  132  15:24  Refinery  
  132  15:27  Medivac  
  132  15:28  Marauder  
  136  15:29  Marauder, Marine  
  136  15:30  Marauder  
  136  15:32  Marine  
  142  15:36  Marine  
  142  15:39  Marine x4  
  139  15:45  Medivac x2  
  139  15:47  Marauder  
  139  15:49  Marauder  
  143  15:51  Marauder x3  
  143  15:55  Marauder  
  143  15:57  Marine x4  
  151  16:00  Starport  
Show
View Real Time Build Order
Export as new Build Order

One Terran - Winner!

Build Orders:  

Get SALT Encoding   

  12  0:02  Probe (Chrono Boost)  
  13  0:15  Pylon  
  13  0:17  Probe (Chrono Boost)  
  14  0:28  Probe (Chrono Boost)  
  15  0:34  Gateway  
  15  0:38  Probe (Chrono Boost)  
  16  0:44  Assimilator  
  16  0:49  Probe (Chrono Boost)  
  17  0:59  Probe (Chrono Boost)  
  18  1:10  Probe (Chrono Boost)  
  19  1:21  Nexus  
  19  1:24  Probe (Chrono Boost)  
  20  1:34  Cybernetics Core  
  20  1:39  Probe (Chrono Boost)  
  21  1:46  Pylon  
  21  1:49  Probe (Chrono Boost)  
  21  1:53  Assimilator  
  22  2:00  Probe (Chrono Boost)  
  23  2:11  Mothership Core (Chrono Boost)  
  23  2:12  Warp Gate  
  25  2:25  Stalker, Pylon  
  25  2:29  Probe (Chrono Boost)  
  28  2:35  Probe (Chrono Boost)  
  29  2:40  Probe (Chrono Boost)  
  30  2:50  Probe (Chrono Boost)  
  31  2:52  Twilight Council  
  31  2:55  Stalker  
  31  2:56  Probe (Chrono Boost)  
  34  3:01  Probe (Chrono Boost)  
  35  3:11  Probe (Chrono Boost)  
  35  3:12  Robotics Facility  
  36  3:14  Assimilator  
  36  3:22  Probe (Chrono Boost)  
  36  3:23  Blink  
  36  3:27  Probe (Chrono Boost)  
  38  3:36  Probe (Chrono Boost)  
  39  3:46  Nexus  
  39  3:52  Pylon  
  39  4:01  Probe (Chrono Boost)  
  39  4:03  Observer  
  39  4:04  Probe (Chrono Boost)  
  39  4:06  Gateway  
  41  4:13  Probe (Chrono Boost)  
  41  4:14  Probe (Chrono Boost)  
  43  4:19  Stalker  
  46  4:25  Probe x2 (Chrono Boost)  
  46  4:27  Gateway  
  46  4:29  Observer  
  48  4:35  Probe (Chrono Boost)  
  48  4:37  Probe (Chrono Boost)  
  50  4:46  Probe (Chrono Boost)  
  50  4:47  Stalker  
  50  4:49  Probe (Chrono Boost)  
  50  4:52  Robotics Bay  
  54  4:55  Pylon  
  54  4:56  Probe (Chrono Boost)  
  54  4:57  Assimilator  
  56  5:01  Probe (Chrono Boost)  
  56  5:03  Probe (Chrono Boost)  
  57  5:07  Probe (Chrono Boost)  
  57  5:08  Stalker  
  57  5:13  Probe (Chrono Boost)  
  57  5:14  Probe (Chrono Boost)  
  62  5:18  Probe (Chrono Boost)  
  62  5:28  Probe (Chrono Boost), Immortal  
  62  5:29  Probe (Chrono Boost)  
  62  5:32  Pylon  
  62  5:34  Pylon  
  64  5:38  Stalker x2  
  68  5:49  Mothership Core (Chrono Boost)  
  64  5:50  Probe (Chrono Boost)  
  64  5:52  Adept  
  64  5:55  Probe (Chrono Boost)  
  65  6:01  Stalker x2  
  65  6:06  Charge  
  65  6:10  Probe (Chrono Boost)  
  67  6:11  Probe (Chrono Boost)  
  67  6:12  Pylon  
  67  6:20  Probe (Chrono Boost)  
  68  6:26  Adept x3  
  74  6:36  Probe (Chrono Boost), Forge  
  74  6:37  Probe (Chrono Boost)  
  74  6:41  Probe (Chrono Boost)  
  74  6:47  Probe (Chrono Boost), Assimilator  
  76  6:49  Probe (Chrono Boost)  
  76  6:51  Probe (Chrono Boost)  
  78  6:58  Probe (Chrono Boost)  
  78  7:00  Pylon  
  78  7:01  Immortal  
  79  7:08  Probe (Chrono Boost)  
  85  7:09  Probe (Chrono Boost)  
  85  7:11  Stalker  
  85  7:12  Stalker  
  85  7:14  Zealot  
  91  7:24  Photon Cannon  
  91  7:30  Protoss Ground Weapons Level 1  
  91  7:32  Photon Cannon  
  91  7:34  Zealot x3  
  97  7:42  Photon Cannon  
  97  7:56  Zealot x2  
  99  8:04  Probe (Chrono Boost)  
  101  8:05  Probe (Chrono Boost)  
  101  8:09  Photon Cannon  
  101  8:16  Gateway  
  101  8:19  Gateway  
  101  8:22  Pylon  
  101  8:24  Probe x2 (Chrono Boost), Pylon  
  101  8:25  Probe (Chrono Boost)  
  101  8:26  Gateway, Pylon  
  98  8:30  Dark Shrine  
  98  8:31  Zealot  
  100  8:36  Probe (Chrono Boost)  
  100  8:40  Observer  
  104  8:42  Templar Archives, Probe x2 (Chrono Boost)  
  104  8:48  Probe (Chrono Boost)  
  105  8:50  Stalker x2  
  105  8:54  Probe x2 (Chrono Boost)  
  105  9:04  Zealot  
  105  9:08  Probe (Chrono Boost)  
  105  9:09  Assimilator  
  108  9:12  Photon Cannon  
  108  9:20  Photon Cannon, High Templar x4  
  108  9:22  Archon x2  
  116  9:24  Warp Prism  
  118  9:33  Zealot x2  
  118  9:38  Pylon  
  122  9:40  Pylon  
  122  9:43  Pylon  
  122  9:51  High Templar  
  124  9:54  Nexus  
  124  9:57  Pylon x2, High Templar x4  
  124  9:59  Pylon, Archon x2  
  132  10:02  Zealot  
  130  10:17  Gateway x2  
  130  10:21  Zealot  
  130  10:22  Zealot  
  130  10:23  Zealot  
  124  10:30  Zealot x4  
  131  10:36  Probe (Chrono Boost)  
  131  10:40  Probe x2 (Chrono Boost)  
  121  10:46  Gateway x2  
  121  10:48  Probe (Chrono Boost)  
  121  10:49  Gateway  
  110  10:50  Gateway  
  110  10:51  High Templar x3  
  110  10:52  Probe x2 (Chrono Boost), Pylon, High Templar x3  
  118  10:58  Archon x2  
  118  10:59  Archon  
  118  11:03  Immortal, Psionic Storm, Probe (Chrono Boost)  
  121  11:08  Protoss Ground Weapons Level 2  
  121  11:14  Forge  
  121  11:22  Probe (Chrono Boost)  
  121  11:23  Probe (Chrono Boost)  
  121  11:24  Probe (Chrono Boost)  
  121  11:25  Dark Templar x2  
  128  11:28  Zealot  
  130  11:34  Probe (Chrono Boost)  
  130  11:38  Zealot  
  130  11:39  Zealot x4  
  141  11:42  Zealot  
  139  11:58  Zealot  
  139  11:59  Zealot x4  
  123  12:16  Zealot x2  
  123  12:17  Dark Templar x2, Zealot x3  
  123  12:21  Stalker  
  123  12:22  Stalker x3  
  145  12:27  Probe (Chrono Boost)  
  145  12:28  Assimilator  
  144  12:30  Assimilator  
  144  12:34  Probe (Chrono Boost)  
  137  12:38  Stalker x3  
  137  12:39  High Templar x3  
  141  12:47  Probe (Chrono Boost)  
  142  12:53  Zealot  
  142  12:54  Zealot x3  
  142  12:56  Zealot x2  
  150  12:59  Immortal  
  142  13:08  High Templar x4  
  150  13:22  High Templar x2  
  150  13:25  Dark Templar, Zealot  
  140  13:41  Stalker x4  
  127  13:53  Mothership Core (Chrono Boost), Probe x2 (Chrono Boost)  
  128  14:03  Zealot  
  128  14:04  Zealot x4  
  128  14:05  Zealot  
  136  14:11  Stalker  
  136  14:13  Pylon  
  126  14:20  Stalker  
  126  14:24  Stalker  
  89  14:50  Archon x2  
  89  14:51  Archon  
  72  14:54  Stalker x2  
  72  14:55  Stalker x4  
  72  14:59  Stalker x2  
  66  15:19  Zealot x3  
  66  15:20  Zealot x2  
  64  15:29  Dark Templar  
  64  15:32  Probe (Chrono Boost)  
  64  15:34  Probe (Chrono Boost)  
  64  15:35  Probe (Chrono Boost)  
  67  15:41  Probe (Chrono Boost)  
  65  15:42  Probe (Chrono Boost)  
  65  15:46  Probe (Chrono Boost)  
  65  15:47  Probe (Chrono Boost)  
  67  15:59  Twilight Council  
  66  16:07  Dark Templar  
  66  16:09  Probe (Chrono Boost)  
  64  16:11  Probe (Chrono Boost)  
  64  16:16  Zealot  
Show
View Real Time Build Order
Export as new Build Order

iQuitBYE Protoss 

Build Orders:  

Get SALT Encoding   

Show
View Real Time Build Order
Export as new Build Order

MoonLjth Protoss 

Build Orders:  

Get SALT Encoding   

Tags
 
Add a new tag
Caveats
  • Supply blocks, unpowered buildings, or Contaminate may cause inaccurate times.
  • Supply counts are checked every 10 seconds.